 Dungeon Crawl Stone Soup version 0.30.0-29-ga12c61a403 (webtiles) character file.

Game seed: 17587387493764463713

63 McKennaii the Caller (level 3, -2/26 HPs)
             Began as a Demigod Summoner on June 8, 2023.
             Slain by an iguana (14 damage)
             ... on level 3 of the Dungeon.
             The game lasted 00:03:15 (2286 turns).

McKennaii the Caller (Demigod Summoner)             Turns: 2286, Time: 00:03:16

Health: -2/26      AC:  2    Str:  9    XL:     3   Next: 63%
Magic:  8/9        EV: 12    Int: 21    God:
Gold:   74         SH:  0    Dex: 14    Spells: 6/7 levels left

rFire   . . .        h - +0 dagger
rCold   . . .        (no shield)
rNeg    . . .        a - +0 robe
rPois   .            (no helmet)
rElec   .            (no cloak)
rCorr   .            (no gloves)
SInv    .            (no boots)
Will    .....        (no amulet)
Stlth   ++           (no ring)
HPRegen 0.24/turn    (no ring)
MPRegen 0.11/turn

%: no passive effects
@: no status effects
A: high MP 1, forlorn, divine attributes
a: no special abilities


You were on level 3 of the Dungeon.
You visited 1 branch of the dungeon, and saw 3 of its levels.

You collected 74 gold pieces.

Inventory:

Hand Weapons
 h - a +0 dagger (weapon)
Armour
 a - a +0 robe (worn)
Scrolls
 c - a scroll of teleportation {unknown}
 d - 4 scrolls of identify {unknown}
 f - 3 scrolls of enchant armour {unknown}
 j - a scroll of immolation {unknown}
 m - a scroll of enchant weapon {unknown}
 n - a scroll of vulnerability {unknown}
Potions
 b - a potion of magic
 e - a potion of curing {unknown}
 g - a potion of flight {unknown}
 i - a potion of haste {unknown}
 k - a potion of heal wounds {unknown}
 l - a potion of attraction {unknown}


   Skills:
 - Level 1.7 Dodging
 - Level 1.7 Stealth
 + Level 2.8 Spellcasting
 + Level 4.4 Summonings


You had 6 spell levels left.
You knew the following spells:

 Your Spells              Type           Power      Damage    Failure   Level
a - Summon Small Mammal   Summ           84%        N/A       2%          1

Your spell library contained the following spells:

 Spells                   Type           Power      Damage    Failure   Level
 Call Imp                 Summ           42%        N/A       3%          2
 Call Canine Familiar     Summ           21%        N/A       7%          3
 Summon Guardian Golem    Hex/Summ       12%        N/A       17%         3
 Sublimation of Blood     Necr           2%         N/A       21%         2
 Wereblood                Tmut           2%         N/A       21%         2
 Summon Lightning Spire   Summ/Air       12%        N/A       50%         4
 Summon Hydra             Summ           10%        N/A       100%        7


Dungeon Overview and Level Annotations

Branches:
Dungeon (3/15)


Innate Abilities, Weirdness & Mutations

You have an increased reservoir of magic. (+10% MP)
You shall have no god before yourself.
Your divine heritage dramatically boosts your attributes as you level up.


Message History

Your bat hits the giant cockroach but does no damage.
You catch the helpless giant cockroach completely off-guard!
You hit the giant cockroach.
You kill the giant cockroach!
No target in view!
No target in view!
Your bat disappears in a puff of smoke!
You swap places.
Your quokka disappears in a puff of smoke!
You see here 7 stones.
There is a stone staircase leading up here.
Done exploring.
Done exploring.
Done exploring.
Done exploring.
(D) Dungeon
Where to? (Enter - D:2, ? - help)
What level of the Dungeon? (default 1, ? - help)
There is a stone staircase leading down here.
You climb downwards.
There is a stone staircase leading up here.
There's nothing to open nearby.
Found a long sword.
An iguana comes into view.
Found a stone staircase leading down.
Found an emerald potion.
The iguana hisses angrily.
A hobgoblin comes into view.
Your quokka bites the iguana.
The iguana barely misses you.
You hit the iguana but do no damage.
The iguana is moderately wounded.
Your quokka bites the iguana but does no damage.
The iguana bites you! The hobgoblin hits you.
You are too injured to fight recklessly!
Unknown command.
Your quokka closely misses the iguana.
Your quokka bites the iguana.
The hobgoblin attacks as you move away! The hobgoblin hits you.
The iguana attacks as you move away! The iguana bites you!
Ouch! That really hurt!
You die...

..# .. .. #.###
#.#
#####!..####>.#
#.......#......
...............
#........r.....
####### #lg......
#....<# ##@.#.....
#.....###..?# ...
#.........#.......
#.....##.........
###.###...#.#.....
#.. ..#.).......
#.# .######......
.. .. ...... .....
.##


You could see an iguana (ally target), a hobgoblin and a friendly quokka
(summoned).

Vanquished Creatures
  An adder (D:2)
  A worm (D:2)
  A giant cockroach (D:2)
  A hobgoblin (D:2)
  5 jackals
  A ball python (D:1)
  A bat (D:1)
  A frilled lizard (D:1)
  A goblin (D:2)
  A kobold (D:1)
  4 rats
18 creatures vanquished.

Vanquished Creatures (collateral kills)
  A dart slug (D:1)
  A bat (D:1)
  3 endoplasms
  A giant cockroach (D:2)
  3 hobgoblins (D:1)
  5 jackals
  4 quokkas (D:1)
  A ball python (D:1)
  2 frilled lizards
  A goblin (D:1)
  4 kobolds
  A rat (D:2)
27 creatures vanquished.

Grand Total: 45 creatures vanquished

Notes
Turn   | Place    | Note
-------+----------+-------------------------------------------
     0 | D:1      | McKennaii the Demigod Summoner began the quest for the Orb.
     0 | D:1      | Reached XP level 1. HP: 14/14 MP: 5/5
   412 | D:1      | Reached XP level 2. HP: 20/20 MP: 2/7
   685 | D:1      | Reached skill level 4 in Summonings
  1407 | D:2      | Reached XP level 3. HP: 22/26 MP: 7/9
  2286 | D:3      | Slain by an iguana

Illustrated notes

Levels and vault maps discovered:
D:1:      dpeg_arrival_rooms_b, layout_basic, minmay_misc_feat_enclosed,
          minmay_misc_feat_rows, minmay_bisected
D:2:      layout_loops_cross, dreamdust_ecumenical_altar_grove,
          guppyfry_early_lair_pool
D:3:      layout_rooms

Skill      XL: |  1  2 |
---------------+-------+-----
Spellcasting   | 2 |  2.8
Summonings     | 4 |  4.4
Dodging        | |  1.7
Stealth        | |  1.7

Action                     || total
---------------------------++-------
  Melee: Unarmed           ||    70
         Dagger            ||    77
         Punch             ||     2
   Cast: Summon Small Mamm ||    69
   Stab: Distracted        ||     2
         Sleeping          ||     1
 Armour: Robe              ||    36
  Dodge: Dodged            ||   108
